Map: Ruines d’Endion

Players

KingKong

  • Race: Protoss Protoss
  • League: Master

Marador - Winner!

  • Race: Terran Terran
  • League: Master

VOD

Have the link to the VOD?

Description

Time

  • Played on: May 10, 2016, 2:38 p.m.
  • Length: 17:03
Show
View Real Time Build Order
Export as new Build Order

KingKong Protoss 

Build Orders: Oracle Opening 

Get SALT Encoding   

  12  0:01  Probe (Chrono Boost)  
  13  0:11  Probe (Chrono Boost)  
  14  0:18  Pylon  
  14  0:22  Probe (Chrono Boost)  
  15  0:36  Probe (Chrono Boost)  
  15  0:37  Gateway  
  15  0:42  Assimilator  
  16  0:47  Probe (Chrono Boost)  
  17  0:51  Assimilator  
  17  0:57  Probe (Chrono Boost)  
  18  1:08  Probe (Chrono Boost)  
  19  1:19  Probe (Chrono Boost)  
  19  1:24  Cybernetics Core  
  20  1:29  Probe (Chrono Boost)  
  20  1:32  Pylon  
  22  1:40  Probe (Chrono Boost)  
  22  1:50  Probe (Chrono Boost)  
  25  2:01  Mothership Core (Chrono Boost)  
  25  2:02  Stargate  
  25  2:04  Adept (Chrono Boost)  
  27  2:11  Warp Gate  
  27  2:20  Pylon  
  28  2:30  Probe, Adept (Chrono Boost)  
  29  2:42  Probe (Chrono Boost)  
  30  2:48  Oracle (Chrono Boost)  
  33  2:55  Adept  
  35  3:05  Nexus  
  35  3:13  Pylon  
  35  3:22  Oracle (Chrono Boost)  
  38  3:41  Probe  
  38  3:43  Adept  
  41  3:48  Twilight Council  
  41  3:54  Probe  
  45  4:09  Void Ray (Chrono Boost)  
  46  4:12  Probe  
  46  4:16  Probe, Gateway  
  47  4:20  Gateway  
  48  4:25  Probe  
  48  4:28  Probe  
  50  4:37  Probe, Twilight Council  
  51  4:39  Probe  
  51  4:45  Pylon  
  52  4:49  Probe  
  51  5:02  Void Ray (Chrono Boost)  
  51  5:06  Probe  
  55  5:07  Probe  
  55  5:08  Adept  
  59  5:16  Robotics Facility, Probe  
  59  5:19  Probe  
  61  5:34  Adept x2  
  61  5:35  Adept  
  69  5:41  Pylon  
  67  5:42  Pylon  
  67  5:45  Pylon  
  67  5:56  Gateway  
  67  5:58  Gateway  
  67  5:59  Void Ray (Chrono Boost)  
  67  6:01  Probe  
  72  6:07  Resonating Glaives (Chrono Boost)  
  72  6:08  Gateway  
  72  6:14  Warp Prism  
  74  6:24  Adept x2  
  74  6:25  Adept  
  80  6:27  Probe  
  81  6:49  Adept x3  
  87  7:09  Adept x3  
  93  7:28  Pylon  
  93  7:30  Pylon x2  
  93  7:32  Pylon  
  93  7:38  Nexus  
  93  7:47  Adept x5  
  93  7:48  Adept  
  83  8:07  Adept x3  
  83  8:08  Adept x3  
  81  8:28  Adept x5  
  87  8:43  Adept  
  81  9:01  Probe  
  81  9:02  Probe  
  73  9:03  Adept x3  
  73  9:04  Adept x3  
  75  9:10  Probe  
  75  9:11  Probe  
  75  9:14  Probe, Assimilator  
  75  9:15  Assimilator  
  76  9:20  Probe  
  76  9:23  Charge (Chrono Boost)  
  71  9:33  Immortal (Chrono Boost)  
  71  9:36  Zealot x3  
  71  9:37  Zealot x3  
  87  9:47  Probe  
  87  9:48  Probe  
  87  9:49  Probe  
  90  10:06  Probe  
  94  10:07  Probe x2  
  94  10:08  Immortal (Chrono Boost)  
  97  10:16  Templar Archives, Probe  
  97  10:19  Probe  
  99  10:22  Pylon  
  99  10:26  Pylon  
  99  10:34  Probe  
  99  10:35  Probe x2, Assimilator  
  102  10:36  Assimilator  
  106  10:43  Immortal (Chrono Boost)  
  106  10:44  Probe  
  106  10:47  Probe x2, Pylon  
  109  10:53  Zealot, High Templar x2  
  109  10:54  Zealot  
  117  10:57  Archon  
  117  11:12  Pylon  
  117  11:15  Zealot x4  
  123  11:28  Pylon  
  123  11:30  High Templar x2  
  123  11:31  Pylon  
  127  11:38  Archon  
  127  11:44  Gateway x3  
  117  11:47  Gateway  
  117  11:51  Zealot x4  
  97  12:11  Stalker x2  
  99  12:18  Stalker x3  
  105  12:26  Probe  
  105  12:27  Probe x2  
  108  12:36  Probe  
  108  12:39  Probe x2  
  111  12:51  High Templar x5  
  115  12:52  High Templar  
  115  12:58  Psionic Storm, Archon x2  
  115  13:23  Immortal  
  115  13:24  Zealot  
  115  13:25  Zealot  
  107  13:31  Probe  
  106  13:44  Robotics Facility  
  106  13:45  High Templar  
  106  13:46  High Templar x4  
  116  13:48  Zealot, Gateway  
  116  13:49  Zealot  
  116  13:52  Pylon  
  116  13:54  Pylon  
  117  14:14  Immortal  
  121  14:19  Zealot x4  
  121  14:20  Zealot  
  131  14:38  Nexus  
  131  14:39  Pylon  
  131  14:45  Assimilator  
  123  15:00  Pylon  
  123  15:04  Warp Prism (Chrono Boost)  
  123  15:06  Immortal (Chrono Boost)  
  129  15:12  Pylon  
  129  15:14  Pylon  
  129  15:21  High Templar x3  
  133  15:22  High Templar  
  133  15:25  High Templar x2  
  133  15:26  Archon x2  
  141  15:29  Archon  
  141  15:44  Zealot x3  
  147  15:58  Zealot  
  148  16:07  Zealot x2  
  148  16:08  Zealot  
  148  16:09  Zealot x3  
  160  16:13  High Templar x2  
  152  16:43  Zealot x4  
  138  16:56  Zealot x3  
  138  16:57  Zealot x2  
Show
View Real Time Build Order
Export as new Build Order

Marador Terran - Winner!

Build Orders: Reaper Expand, MMM Bio 

Get SALT Encoding   

  12  0:01  SCV  
  13  0:13  SCV  
  14  0:19  Supply Depot  
  14  0:25  SCV  
  15  0:40  SCV  
  15  0:41  Barracks  
  16  0:46  Refinery  
  16  0:52  SCV  
  17  1:04  SCV  
  18  1:16  SCV  
  19  1:28  Reaper  
  19  1:29  Orbital Command  
  20  1:41  Command Center  
  20  1:55  SCV  
  20  1:57  Supply Depot  
  21  2:01  Barracks Reactor  
  21  2:07  SCV  
  22  2:19  SCV  
  23  2:29  Factory  
  23  2:31  SCV  
  23  2:35  Refinery  
  24  2:38  Marine x2  
  26  2:48  Bunker  
  26  2:54  Orbital Command  
  26  2:56  Marine x2  
  26  2:58  Engineering Bay  
  28  2:59  SCV  
  28  3:11  SCV  
  29  3:13  Factory Tech Lab  
  29  3:14  Marine  
  29  3:15  Marine  
  31  3:23  SCV x2  
  32  3:28  Missile Turret  
  27  3:35  SCV x2  
  27  3:38  Missile Turret  
  28  3:57  Cyclone  
  28  4:00  Marine x2  
  33  4:03  SCV x2  
  34  4:15  SCV  
  34  4:16  SCV  
  34  4:18  Marine x2  
  36  4:28  SCV  
  36  4:29  Siege Tank  
  40  4:33  SCV  
  40  4:37  Supply Depot  
  41  4:39  Marine x2  
  41  4:40  SCV  
  44  4:45  SCV  
  45  5:02  Marine x2  
  45  5:04  SCV x2  
  49  5:09  Barracks  
  49  5:10  Barracks  
  49  5:14  Siege Tank  
  52  5:16  SCV x2  
  54  5:22  Missile Turret  
  54  5:27  Supply Depot  
  54  5:28  Supply Depot  
  54  5:37  Supply Depot  
  54  5:48  Marine x2, SCV x2  
  58  5:52  Refinery  
  58  5:55  Starport  
  58  5:57  Barracks Tech Lab x2  
  58  6:01  SCV  
  59  6:04  SCV  
  59  6:06  Command Center  
  59  6:09  Marine x2  
  62  6:13  SCV  
  62  6:17  SCV  
  64  6:19  Stimpack, Combat Shields  
  64  6:25  SCV  
  65  6:28  Marauder x2, Marine  
  65  6:29  Marine  
  65  6:32  Starport Reactor, SCV  
  72  6:37  SCV  
  73  6:47  Terran Infantry Weapons Level 1  
  73  6:49  SCV x2, Engineering Bay  
  75  7:01  SCV  
  75  7:06  Marine  
  75  7:07  Marine  
  78  7:18  Marauder x2  
  78  7:21  Orbital Command  
  79  7:24  Siege Tank  
  79  7:25  Medivac x2  
  79  7:27  Marine x2  
  79  7:28  SCV x2  
  90  7:40  SCV  
  90  7:41  Marauder  
  93  7:45  Supply Depot  
  93  7:46  Supply Depot  
  93  7:49  Supply Depot  
  93  7:55  Barracks x2  
  93  8:01  Marauder  
  66  8:14  Marine x2  
  66  8:15  Marine  
  69  8:21  Siege Tank  
  69  8:22  Marauder  
  73  8:32  Marine x2  
  73  8:33  Marauder  
  65  8:43  Marine x2  
  65  8:44  Marauder  
  68  8:50  Marine x2  
  68  8:54  Marine  
  61  9:00  Marine  
  59  9:04  Marine  
  59  9:08  Marine x2  
  55  9:10  Orbital Command  
  55  9:11  Marine  
  55  9:12  Marine  
  55  9:18  Marine  
  55  9:19  Medivac  
  55  9:20  Siege Tank, Medivac  
  55  9:22  Marine  
  63  9:25  Marine  
  63  9:26  Marine  
  63  9:29  Marine, SCV x2  
  70  9:39  Barracks Tech Lab, Barracks Reactor  
  70  9:40  Marine  
  70  9:41  SCV x2  
  70  9:43  Marine x2  
  70  9:45  SCV  
  74  9:47  Refinery, Marine, Bunker  
  74  9:48  Refinery  
  74  9:49  Terran Infantry Armor Level 1  
  74  9:51  Armory  
  74  9:52  Medivac x2  
  79  9:53  SCV x2  
  79  9:57  SCV  
  80  10:03  Marine  
  80  10:04  Marauder, Marine x2  
  80  10:05  Marine  
  86  10:13  SCV x3  
  89  10:20  Marine x2  
  91  10:21  Marine x2  
  91  10:22  Marauder  
  91  10:23  Marauder  
  91  10:25  Marine, SCV  
  99  10:32  Missile Turret  
  99  10:35  Missile Turret  
  99  10:36  Orbital Command  
  99  10:38  Marine x2  
  101  10:54  Missile Turret  
  101  10:57  Missile Turret  
  101  11:03  Supply Depot  
  101  11:04  Supply Depot  
  101  11:25  Marauder, Marine x6  
  109  11:27  Missile Turret  
  109  11:43  Marauder x2, Marine x4  
  116  11:48  Marauder  
  104  12:00  Marine  
  93  12:02  Marine x3  
  93  12:03  Medivac x2  
  93  12:04  Marauder x2, SCV  
  93  12:05  SCV x2  
  107  12:08  Marine  
  108  12:18  Marine  
  108  12:22  Marine x3  
  103  12:24  SCV x3  
  103  12:26  Marauder x2  
  103  12:27  Marauder  
  114  12:31  Supply Depot  
  114  12:34  Supply Depot  
  114  12:35  Supply Depot  
  114  12:36  Marine, SCV x2  
  117  12:51  Refinery  
  117  12:52  Terran Infantry Weapons Level 2, Terran Infantry Armor Level 2  
  117  12:53  Marauder, Refinery, SCV, Medivac x2  
  117  12:56  Siege Tank  
  117  12:57  Terran Vehicle Weapons Level 1  
  127  13:04  Marine  
  127  13:05  Marauder x2, Marine x2  
  124  13:31  Marine x2  
  124  13:32  SCV  
  124  13:33  SCV x2  
  127  13:34  Marine  
  127  13:35  Marauder x2, Marine x2  
  127  13:36  Siege Tank, Medivac x2  
  141  13:42  Ghost Academy  
  141  14:10  Supply Depot  
  141  14:11  Supply Depot x3  
  141  14:20  Command Center  
  141  14:31  Ghost x3, SCV x2  
  141  14:32  SCV  
  150  14:39  Marine x2  
  150  14:43  SCV  
  153  14:56  SCV  
  153  14:59  Ghost x2  
  152  15:04  Concussive Shells  
  152  15:05  Ghost  
  152  15:06  Marine x4  
  162  15:21  Siege Tank  
  162  15:22  Medivac x2  
  153  16:26  Ghost x2  
  153  16:27  Ghost, Marine  
  153  16:28  Marine x3  
Tags
 
Add a new tag
Caveats
  • Supply blocks, unpowered buildings, or Contaminate may cause inaccurate times.
  • Supply counts are checked every 10 seconds.